Map: Eternal Empire LE

Players

Nina - Winner!

  • Race: Protoss Protoss
  • League: Grandmaster
  • Spawn Location: 1:00

Future

  • Race: Terran Terran
  • Spawn Location: 7:00

Event: The Miserable Cup

VOD

https://youtu.be/gMagaZpJx3s

Description

Time

  • Played on: June 20, 2020, 10:21 a.m.
  • Length: 14:54

All games in this series

Show
View Real Time Build Order
Export as new Build Order

Nina Protoss - Winner!

Build Orders: 1 Gate Expand, Blink Stalkers 

Get SALT Encoding   

  12  0:00  Probe  
  13  0:12  Probe  
  14  0:19  Pylon  
  14  0:24  Probe  
  15  0:34  Probe  
  15  0:42  Probe, Gateway  
  17  0:50  Assimilator  
  17  0:51  Probe  
  18  1:03  Probe  
  19  1:15  Probe  
  20  1:30  Cybernetics Core  
  20  1:34  Nexus  
  20  1:41  Pylon  
  20  1:42  Probe  
  21  1:53  Assimilator  
  21  1:55  Probe  
  21  1:57  Adept  
  24  2:09  Probe  
  24  2:10  Warp Gate  
  25  2:21  Probe  
  26  2:25  Adept  
  28  2:33  Probe  
  29  2:45  Probe, Twilight Council, Stalker  
  30  2:52  Shield Battery  
  30  2:57  Probe  
  33  2:59  Probe  
  34  3:09  Probe  
  34  3:11  Probe  
  36  3:13  Gateway  
  36  3:21  Probe  
  37  3:29  Probe  
  37  3:33  Probe  
  39  3:34  Blink  
  39  3:41  Probe  
  39  3:45  Probe  
  41  3:49  Probe  
  41  3:55  Pylon  
  42  3:57  Probe  
  42  3:58  Probe  
  42  4:01  Robotics Facility  
  44  4:03  Sentry  
  46  4:13  Probe x2, Stalker, Phoenix  
  46  4:14  Pylon  
  50  4:25  Probe, Assimilator  
  50  4:29  Probe, Nexus  
  52  4:33  Pylon  
  52  4:34  Stalker  
  52  4:37  Probe  
  55  4:41  Probe  
  55  4:44  Stalker  
  58  4:47  Observer  
  58  4:56  Probe  
  60  5:06  Probe  
  60  5:09  Stalker x2  
  60  5:10  Probe  
  60  5:14  Gateway, Observer  
  65  5:15  Gateway  
  65  5:19  Probe  
  67  5:21  Gateway  
  67  5:22  Probe  
  67  5:27  Pylon  
  68  5:31  Probe  
  68  5:34  Probe  
  70  5:38  Gateway  
  70  5:43  Probe, Sentry  
  70  5:45  Probe  
  70  5:47  Probe, Sentry, Observer  
  77  5:50  Shield Battery  
  77  5:55  Probe, Robotics Bay  
  79  5:57  Probe  
  79  6:00  Probe  
  79  6:02  Charge  
  81  6:07  Probe  
  81  6:08  Zealot x2  
  81  6:09  Immortal  
  81  6:11  Probe  
  87  6:15  Assimilator  
  87  6:24  Zealot  
  93  6:25  Pylon  
  93  6:28  Pylon  
  93  6:29  Pylon  
  93  6:30  Pylon  
  93  6:34  Assimilator  
  93  6:45  Stalker x4  
  101  6:53  Probe x2  
  103  6:55  Probe  
  104  7:01  Colossus  
  104  7:05  Probe  
  104  7:06  Probe  
  104  7:07  Probe, Zealot x2  
  115  7:08  Zealot x2  
  115  7:09  Zealot  
  121  7:15  Stalker, Shield Battery  
  101  7:32  Stalker  
  101  7:33  Stalker x4  
  81  7:52  Stalker  
  81  7:56  Immortal, Stalker x3  
  89  8:03  Zealot x2  
  89  8:05  Shield Battery  
  93  8:06  Pylon  
  93  8:08  Gateway  
  93  8:09  Assimilator  
  93  8:10  Robotics Facility, Gateway  
  93  8:12  Forge  
  93  8:14  Probe  
  94  8:21  Sentry x2  
  94  8:22  Zealot x2  
  94  8:24  Probe  
  103  8:27  Colossus  
  103  8:30  Zealot x2, Forge  
  103  8:33  Observer  
  113  8:43  Gateway  
  113  8:47  Zealot x4  
  121  8:58  Extended Thermal Lance, Protoss Ground Armor Level 1, Disruptor  
  121  9:00  Stalker x2, Protoss Ground Weapons Level 1  
  125  9:03  Nexus  
  125  9:07  Pylon  
  128  9:14  Pylon  
  128  9:22  Observer  
  128  9:24  Pylon  
  128  9:25  Pylon  
  128  9:26  Pylon  
  128  9:27  Pylon  
  128  9:28  Stalker x2  
  125  9:39  Stalker x4  
  125  9:44  Disruptor  
  136  9:50  Disruptor  
  136  9:57  Nexus  
  136  9:58  Pylon  
  139  10:02  Pylon  
  137  10:11  Disruptor  
  137  10:20  Nexus  
  137  10:21  Disruptor  
  142  10:35  Stalker x2  
  142  10:36  Stalker x3  
  142  10:42  Zealot x4  
  158  10:55  Observer  
  158  11:03  Protoss Ground Weapons Level 2, Protoss Ground Armor Level 2  
  158  11:08  Probe x2, Disruptor  
  160  11:14  Disruptor  
  163  11:27  Nexus  
  156  11:43  Disruptor  
  159  11:50  Stalker  
  159  11:51  Stalker x4  
  159  11:53  Zealot x2, Observer  
  173  11:59  Pylon  
  173  12:00  Pylon  
  171  12:03  Pylon  
  171  12:07  Observer  
  170  12:16  Probe  
  170  12:17  Probe, Pylon  
  170  12:19  Assimilator  
  170  12:20  Photon Cannon, Assimilator, Observer  
  172  12:26  Dark Shrine, Stalker x3  
  172  12:27  Photon Cannon  
  178  12:30  Probe  
  178  12:34  Probe  
  180  12:39  Probe x2  
  183  12:44  Probe  
  183  12:45  Observer  
  183  12:47  Probe  
  183  12:49  Disruptor  
  183  12:50  Shield Battery  
  190  12:52  Shield Battery  
  190  12:56  Photon Cannon  
  190  12:58  Photon Cannon  
  189  12:59  Photon Cannon  
  189  13:04  Stalker x2  
  189  13:05  Disruptor  
  195  13:15  Stalker x2  
  195  13:20  Observer  
  178  14:04  Nexus, Observer  
  178  14:11  Nexus  
  178  14:13  Pylon  
  178  14:15  Pylon  
Show
View Real Time Build Order
Export as new Build Order

Future Terran 

Build Orders: Reaper Expand 

Get SALT Encoding   

  12  0:00  SCV  
  13  0:12  SCV  
  14  0:17  Supply Depot  
  14  0:25  SCV  
  15  0:38  SCV  
  15  0:42  Barracks  
  16  0:44  Refinery  
  16  0:51  SCV  
  17  1:03  SCV  
  18  1:15  SCV  
  19  1:28  Reaper, Orbital Command  
  20  1:41  Command Center  
  20  1:51  Supply Depot  
  20  1:55  SCV  
  20  2:00  Marine  
  22  2:05  Bunker  
  22  2:09  SCV  
  23  2:17  Factory  
  23  2:21  SCV  
  23  2:22  Barracks Reactor  
  24  2:28  Refinery  
  24  2:33  SCV  
  25  2:46  SCV  
  26  2:59  Marine x2  
  26  3:00  Hellion, Starport  
  26  3:01  Orbital Command  
  26  3:02  SCV  
  31  3:08  Bunker  
  31  3:14  SCV  
  31  3:17  Marine x2  
  34  3:22  Widow Mine  
  34  3:26  SCV  
  37  3:29  SCV  
  38  3:38  SCV  
  41  3:42  SCV, Medivac  
  41  3:46  Widow Mine  
  46  3:49  Supply Depot  
  46  3:50  SCV  
  46  3:54  SCV  
  45  4:02  SCV  
  44  4:06  SCV  
  44  4:08  Barracks x2, Factory Tech Lab  
  44  4:09  Marine  
  46  4:12  Marine  
  46  4:13  Supply Depot  
  46  4:14  SCV  
  48  4:18  SCV  
  48  4:21  Engineering Bay  
  48  4:23  Refinery  
  49  4:26  SCV  
  49  4:28  Marine  
  49  4:30  SCV, Marine  
  53  4:33  Starport Reactor  
  53  4:34  Factory Tech Lab  
  53  4:35  Supply Depot  
  53  4:38  SCV  
  53  4:42  SCV  
  55  4:46  Marine  
  55  4:48  Terran Infantry Weapons Level 1, Marine  
  55  4:51  SCV  
  56  4:54  SCV  
  56  4:58  Supply Depot  
  57  5:03  SCV  
  57  5:06  SCV, Combat Shield, Stimpack  
  57  5:07  Marine x2  
  57  5:08  Marine x2  
  57  5:10  Factory Reactor  
  57  5:13  Refinery  
  61  5:15  SCV  
  61  5:17  Medivac  
  61  5:18  SCV  
  61  5:19  Medivac  
  67  5:23  Supply Depot  
  67  5:26  Marine x2  
  69  5:29  Marauder  
  69  5:31  Marauder  
  69  5:35  Supply Depot  
  73  5:44  Marine x2  
  75  5:50  Marauder  
  75  5:53  Marauder  
  75  5:55  Medivac x2  
  75  5:56  Widow Mine  
  87  5:57  Widow Mine  
  86  6:07  Supply Depot  
  86  6:08  Supply Depot, Marine x2  
  88  6:12  Marauder  
  88  6:14  Marauder  
  92  6:21  Widow Mine  
  93  6:26  Marine  
  93  6:28  Concussive Shells  
  93  6:29  Marine, Widow Mine  
  97  6:33  Marauder  
  97  6:34  Supply Depot  
  97  6:36  Marauder, Liberator  
  104  6:40  Liberator  
  104  6:43  Marine  
  104  6:46  Marine  
  109  6:50  Command Center  
  109  6:54  SCV  
  110  6:56  SCV, Marine x2  
  110  7:00  Terran Infantry Armor Level 1  
  113  7:02  Supply Depot  
  113  7:04  Supply Depot  
  113  7:06  SCV, Marine x2  
  116  7:08  SCV  
  117  7:18  SCV  
  117  7:20  SCV  
  117  7:21  Marauder  
  117  7:23  Marauder  
  95  7:30  Marine x2  
  95  7:32  Liberator  
  95  7:36  SCV x2  
  98  7:43  Marauder  
  94  7:44  Marauder  
  94  7:48  SCV  
  88  7:51  SCV  
  88  7:53  Marine x2  
  91  8:00  SCV  
  91  8:01  Barracks  
  91  8:03  SCV  
  91  8:04  Marauder, Barracks  
  97  8:05  Marauder  
  97  8:11  Marine x2  
  97  8:12  SCV  
  100  8:15  SCV, Liberator x2  
  100  8:19  Widow Mine x2  
  111  8:25  Marauder  
  115  8:27  Marauder  
  115  8:29  Marine x2  
  115  8:30  Orbital Command  
  115  8:33  SCV x2  
  119  8:38  Bunker  
  119  8:40  Supply Depot  
  119  8:41  Widow Mine  
  119  8:42  Widow Mine  
  119  8:45  SCV x2  
  119  8:47  Marauder, Marine  
  119  8:48  Marauder, Marine  
  132  8:49  Barracks Reactor  
  132  8:51  Barracks Tech Lab  
  132  8:54  Refinery  
  132  8:55  Refinery  
  131  8:57  Ghost Academy  
  131  8:58  SCV  
  132  9:04  Medivac x2  
  132  9:07  Marine  
  132  9:08  Marauder, Marine  
  132  9:09  Marauder  
  142  9:12  Marauder  
  142  9:13  Widow Mine x2  
  142  9:17  Supply Depot  
  148  9:22  Armory  
  148  9:23  Engineering Bay  
  148  9:26  Enhanced Shockwaves, Marine x2  
  148  9:27  Marine x2  
  148  9:41  Marauder x3  
  148  9:43  Viking x2  
  148  9:45  Command Center  
  158  9:50  Starport, Marine x2  
  158  9:51  Marine x2  
  162  10:06  Supply Depot  
  151  10:08  Marauder x2  
  151  10:11  Marauder, Marine  
  151  10:12  Marine  
  155  10:16  Barracks  
  155  10:19  Barracks  
  155  10:22  Barracks, Liberator x2  
  158  10:38  Marauder x2  
  158  10:42  Marine x2  
  160  10:48  Marine  
  158  11:00  Command Center  
  158  11:04  Terran Infantry Weapons Level 2  
  158  11:05  Terran Infantry Armor Level 2  
  158  11:13  Barracks Tech Lab  
  158  11:14  Barracks Tech Lab x2  
  158  11:21  Missile Turret  
  158  11:23  Missile Turret  
  158  11:51  Marine  
  158  12:01  Supply Depot  
  158  12:03  Supply Depot, Marine x3  
  158  12:04  Marauder x2  
  165  12:09  Marine  
  165  12:10  Marauder  
  165  12:12  Marauder x3  
  173  12:21  Marine  
  170  12:25  Ghost Academy, Marine x3  
  170  12:28  Marauder  
  175  12:32  Marauder  
  175  12:33  Marauder x3  
  175  12:36  Planetary Fortress  
  185  12:44  Marauder  
  185  12:53  Command Center  
  182  13:14  Ghost x4  
  182  13:15  Ghost x2  
  182  13:17  Marine x4  
  170  13:35  Marine x2  
  169  13:43  Marauder x2  
  161  13:55  Marauder  
  161  13:56  Marauder x2  
  161  14:02  Orbital Command  
  162  14:08  Marauder  
  164  14:11  Marauder  
  164  14:13  Marine  
  167  14:26  Marine x3  
Tags
 
Add a new tag
Caveats
  • Supply blocks, unpowered buildings, or Contaminate may cause inaccurate times.
  • Supply counts are checked every 10 seconds.